 Dungeon Crawl Stone Soup version 0.31-a0-16-g6d2539766c (webtiles) character file.

Game seed: 13269111445252783332

1 IdlyInterested the Magician (level 1, 0/15 HPs)
             Began as a Demonspawn Wanderer on May 8, 2023.
             Slain by a quokka (3 damage)
             ... on level 1 of the Dungeon.
             The game lasted 00:01:00 (65 turns).

IdlyInterested the Magician (Demonspawn Wanderer)     Turns: 65, Time: 00:01:00

Health: 0/15       AC:  2    Str: 11    XL:     1   Next: 16%
Magic:  3/3        EV: 11    Int: 17    God:
Gold:   32         SH:  3    Dex:  9    Spells: 4/4 levels left

rFire   . . .        a - +0 club
rCold   . . .        d - +0 buckler
rNeg    . . .        c - +0 robe
rPois   .            (no helmet)
rElec   .            (no cloak)
rCorr   .            (no gloves)
SInv    .            (no boots)
Will    .....        (no amulet)
Stlth   +            (no ring)
HPRegen 0.22/turn    (no ring)
MPRegen 0.08/turn

%: no passive effects
@: no status effects
A: no striking features
a: no special abilities


You were on level 1 of the Dungeon.
You visited 1 branch of the dungeon, and saw 1 of its levels.

You collected 32 gold pieces.

Inventory:

Hand Weapons
 a - a +0 club (weapon)
Armour
 c - a +0 robe (worn)
 d - a +0 buckler (worn)
Scrolls
 e - 3 scrolls of enchant armour {unknown}
Potions
 b - 2 potions of lignification
 f - a potion of haste {unknown}


   Skills:
 * Level 1.1 Fighting
 * Level 0.1 Throwing
 - Level 1.0 Armour
 - Level 1.0 Dodging
 - Level 1.0 Stealth
 - Level 1.0 Shields
 - Level 2.0 Spellcasting
 - Level 1.0 Hexes
 - Level 1.7 Air Magic


You had 4 spell levels left.
You didn't know any spells.
Your spell library contained the following spells:

 Spells                   Type           Power      Damage    Failure   Level
 Slow                     Hex            20%        N/A       19%         1
 Shock                    Conj/Air       16%        1d4       21%         1
 Cigotuvi's Dreadful Rot  Necr/Pois/Air  6%         N/A       32%         2
 Confusing Touch          Hex            5%         N/A       50%         3
 Summon Lightning Spire   Summ/Air       4%         N/A       89%         4


Dungeon Overview and Level Annotations

Branches:
Dungeon (1/15)

Altars:


Message History

Found 3 scrolls labelled VORGHAO FINWI and 14 gold pieces.
Found a staircase leading out of the dungeon.
You begin with the following items: a +0 club, a potion of lignification, a +0 robe, a +0 buckler; and the following spells available to memorise: Slow, Shock, Cigotuvi's Dreadful Rot, Confusing Touch, Summon Lightning Spire.
Okay, then.
e - 3 scrolls labelled VORGHAO FINWI
f - an emerald potion A giant cockroach comes into view.
You see here a potion of lignification.
b - 2 potions of lignification (gained 1)
You hit the giant cockroach.
You kill the giant cockroach!
You see here a giant cockroach corpse.
You now have 18 gold pieces.
You now have 32 gold pieces (gained 14).
A quokka comes into view.
Found an emerald potion.
The quokka barely misses you.
You miss the quokka. The quokka bites you. The quokka completely misses you.
You miss the quokka. The quokka bites you.
You closely miss the quokka. The quokka misses you. The quokka bites you.
You barely miss the quokka. The quokka barely misses you. x2
You closely miss the quokka. The quokka bites you.
You hit the quokka.
The quokka is lightly wounded.
The quokka bites you. The quokka closely misses you.
You barely miss the quokka.
The quokka is lightly wounded.
You block the quokka's attack. The quokka barely misses you.
You barely miss the quokka.
The quokka is lightly wounded.
The quokka closely misses you.
You hit the quokka.
The quokka is moderately wounded.
The quokka bites you. The quokka misses you.
You barely miss the quokka.
The quokka is moderately wounded.
The quokka bites you.
* * * LOW HITPOINT WARNING * * *
The quokka bites you.
You die...

#....#.## ##.......#
####....###.........#
#...................
..............###......
######.......## #.....
#.......# .....
#.......## .....
#........###.....
#........@r.!....
##############...


You could see a quokka.

Vanquished Creatures
  A giant cockroach (D:1)
1 creature vanquished.

Notes
Turn   | Place    | Note
-------+----------+-------------------------------------------
     0 | D:1      | IdlyInterested the Demonspawn Wanderer began the quest for
                  | the Orb.
     0 | D:1      | IdlyInterested set off with the following items: a +0 club,
                  | a potion of lignification, a +0 robe, a +0 buckler; and the
                  | following spells available to memorise: Slow, Shock,
                  | Cigotuvi's Dreadful Rot, Confusing Touch, Summon Lightning
                  | Spire.
     0 | D:1      | Reached XP level 1. HP: 15/15 MP: 3/3
    65 | D:1      | Slain by a quokka

Illustrated notes

Levels and vault maps discovered:
D:1:      minmay_arrival_four_circles, layout_rooms, serial_shops,
          nicolae_shop_dealshenge, minivault_19, minmay_unequal

Action                     || total
---------------------------++-------
  Melee: Club              ||    11
  Dodge: Dodged            ||     9
  Block: Buckler           ||     1

Table legend: (Time is in decaauts)
 A = Elapsed time spent in this place.
 B = Non-inter-level travel time spent in this place.
 C = Inter-level travel time spent in this place.
 D = Time resting spent in this place.
 E = Time spent auto-exploring this place.
 F = Levels seen in this place.
 G = Mean time per level.
                   A        B        C        D        E       F      G
               +--------+--------+--------+--------+--------+-----+--------+
         Total |     68 |     68 |      0 |      0 |     45 |   1 |   68.0 |
       Dungeon |     68 |     68 |      0 |      0 |     45 |   1 |   68.0 |
               +--------+--------+--------+--------+--------+-----+--------+

Top non-repeatable levels by time:
     D:1: 68 daAuts
